 Dungeon Sprint DCSS version 0.31-a0-716-gc7603755dd (webtiles) character file.

Game seed: 13612153892068353841

115 rocky1 the Slasher (level 5, 0/42 HPs)
             Began as a Djinni Fighter on Sept 11, 2023.
             Slain by a jelly (2 damage)
             ... in the Dungeon (Sprint III: "The Ten Rune Challenge").
             The game lasted 00:01:15 (657 turns).

rocky1 the Slasher (Djinni Fighter)                  Turns: 657, Time: 00:01:16

Health: 0/42       AC: -6    Str: 15    XL:     5   Next: 20%
Gold:   26         EV:  8    Int: 10    God:
                   SH:  5    Dex: 14

rFire   + + .        a - +0 long sword
rCold   x . .        c - +0 buckler
rNeg    . . .        f - +0 chain mail
rPois   ∞            (no helmet)
rElec   .            (no cloak)
rCorr   .            (no gloves)
SInv    .            (boots unavailable)
Will    .....        (no amulet) Stlth
                     (no ring)
HPRegen 0.27/turn    (no ring)
MPRegen 0.00/turn

%: no teleportation, infuse magic (-1 HP)
@: corroded, flying
A: sickness immunity, fire resistance 2, cold vulnerability 1, float, innate
caster, HP casting, extra vitality 1
a: no special abilities


You were in the Dungeon.
You visited 1 branch You collected 26 gold pieces.

Inventory:

Hand Weapons
 a - a +0 long sword (weapon)
Missiles
 j - 5 poisoned darts (quivered)
Armour
 b - a +0 scale mail
 c - a +0 buckler (worn)
 f - a +0 chain mail (worn)
Scrolls
 i - a scroll of blinking
 l - 2 scrolls of torment {unknown}
 m - a scroll of fear {unknown}
 o - 2 scrolls of identify
Potions
 d - a potion of might
 e - a potion of curing
 g - a potion of haste
 k - 5 potions of mutation {unknown}
 n - 3 potions of enlightenment


   Skills:
 + Level 4.8 Fighting
 * Level 5.2 Long Blades
 + Level 4.8 Armour
 + Level 3.9 Dodging
 + Level 4.8 Shields


You knew the following spells:

 Your Spells              Type           Power      Damage    Failure   Level
a - Sting                 Tmut/Pois      0%         1d3       99%         1
b - Call Imp              Summ           0%         N/A       100%        2
Your spell library was empty.


Dungeon Overview and Level Annotations

Branches:
Dungeon (1/1)

Altars:


Innate Abilities, Weirdness & Mutations

You are immune to sickness and miasma.
You are immune to poison.
Your flesh is very heat resistant. (rF++)
You are vulnerable to cold. (rC-)
You float through the air rather than walking.
You learn spells naturally, not from books.
Your magical power is your life essence.
You have superior vitality. (+4 MHP)


Message History

You are exhausted.
You feel yourself slow down.
You start resting.
HP restored.
You start waiting.
You feel yourself speed up.
You start waiting.
You recover from your berserk rage.
You start waiting.
Done waiting.
Cast which spell? (? or * to list)
Okay, then.
There is an open door to the Ecumenical Temple here.
There is a fountain of clear blue water here.
You reach down and open the door.
A jelly comes into view.
The jelly quivers.
You hit the jelly. The acid corrodes you!
Your hands burn!
The jelly is moderately wounded.
The jelly hits you. The acid corrodes you!
You are splashed with acid!
You hit the jelly.
Your hands burn!
The jelly is severely wounded.
The jelly hits you. The acid corrodes you!
You are splashed with acid.
You hit the jelly but do no damage.
Your hands burn!
The jelly is severely wounded.
You block the jelly's attack.
You hit the jelly but do no damage.
Your hands burn!
The jelly is severely wounded.
The jelly barely misses you.
You hit the jelly but do no damage.
Your hands burn!
The jelly is severely wounded.
You block the jelly's attack. The jelly hits you.
* * * LOW HITPOINT WARNING * * *
The acid corrodes you!
You are splashed with acid.
* * * LOW HITPOINT WARNING * * *
You hit the jelly.
Your hands burn!
* * * LOW HITPOINT WARNING * * *
The jelly is almost dead.
The jelly hits you.
You die...

▓▓▓ ## ##.#
.#####..# ..#..#..#
..#..#..###+#+###+##
..##'#..#..........#
..###...'.⌠.....@J.#
.####...#...######'#
.###....#.⌠.# ..#
.##.....#...# ...#
.#..÷...#+### #..J#
#.#.....# #...+
####....# +...#
▓▓▓▓▓▓ ▓▓▓▓▓


You could see a jelly.

Vanquished Creatures
  A water elemental (D)
  Jessica (D)
  A human (D)
  A wolf (D)
  An endoplasm (D)
  2 rats (D)
7 creatures vanquished.

Notes
Turn   | Place    | Note
-------+----------+-------------------------------------------
     0 | D        | rocky1 the Djinni Fighter began the quest for the Orb.
     0 | D        | Reached XP level 1. HP: 20/20 MP: 0/0
    11 | D        | Reached skill level 2 in Long Blades
    36 | D        | Noticed Jessica
    43 | D        | Killed Jessica
    44 | D        | Reached skill level 3 in Long Blades
    44 | D        | Reached XP level 2. HP: 26/26 MP: 0/0
    44 | D        | Reached XP level 3. HP: 31/31 MP: 0/0
    44 | D        | Learned a level 1 spell: Sting
   197 | D        | Reached skill level 4 in Long Blades
   235 | D        | Reached XP level 4. HP: 3/37 MP: 0/0
   480 | D        | Noticed a water elemental
   484 | D        | Killed a water elemental
   485 | D        | Reached skill level 5 in Long Blades
   485 | D        | Reached XP level 5. HP: 42/42 MP: 0/0
   485 | D        | Learned a level 2 spell: Call Imp
   657 | D        | HP: 2/42 [acid (4)]
   657 | D        | Slain by a jelly

Illustrated notes

Levels and vault maps discovered:
D:        dungeon_sprint_mu [sprint_mu_entry_cave, sprint_mu_temple_rooms,
          sprint_mu_d1_spiders, sprint_mu_d2_genie, sprint_mu_d3_branching,
          sprint_mu_orc_legion, sprint_mu_elf_gauntlet, sprint_mu_hive_nellie,
          sprint_mu_lair_fedhas, sprint_mu_vaults_butterflies,
          sprint_mu_slime_circle, sprint_mu_swamp_cave, sprint_mu_snake_twists,
          sprint_mu_blade_basic, sprint_mu_crypt_lich, sprint_mu_tomb_spiral,
          sprint_mu_vestibule_basic, sprint_mu_gehenna_hellfire,
          sprint_mu_dis_giant, sprint_mu_tartarus_statrot,
          sprint_mu_cocytus_islands, sprint_mu_zot1]

Skill      XL: |  1  2  3  4 |
---------------+-------------+-----
Long Blades    | 3 4 5 |  5.2
Dodging        | 2 3 |  3.9
Fighting       | 4 |  4.8
Armour         | 4 |  4.8
Shields        | 4 |  4.8

Action                     |  1- 3 |  4- 6 || total
---------------------------+-------+-------++-------
  Melee: Long sword        |    29 |     9 ||    38
  Throw: Dart              |     6 |       ||     6
    Use: Potion            |     1 |     1 ||     2
 Armour: Scale mail        |     7 |       ||     7
         Chain mail        |    18 |     6 ||    24
  Dodge: Dodged            |     8 |     1 ||     9
  Block: Buckler           |     7 |     2 ||     9

Table legend: (Time is in decaauts)
 A = Elapsed time spent in this place.
 B = Non-inter-level travel time spent in this place.
 C = Inter-level travel time spent in this place.
 D = Time resting spent in this place.
 E = Time spent auto-exploring this place.
 F = Levels seen in this place.
 G = Mean time per level.
                   A        B        C        D        E       F      G
               +--------+--------+--------+--------+--------+-----+--------+
         Total |    679 |    679 |      0 |    498 |     13 |   1 |  679.0 |
       Dungeon |    679 |    679 |      0 |    498 |     13 |   1 |  679.0 |
               +--------+--------+--------+--------+--------+-----+--------+

Top non-repeatable levels by time:
       D: 679 daAuts
